 Dungeon Crawl Stone Soup version 0.28.0-53-g5a82cb258f (webtiles) character file.

Game seed: 16047912337897219550

1043 Gabide the Tainter (level 8, 0/69 HPs)
             Began as a Naga Venom Mage on June 10, 2022.
             Was a Believer of Fedhas.
             Slain by Edmund
             ... wielding a +6 dire flail of protection
              (4 damage)
             ... on level 5 of the Dungeon.
             The game lasted 00:24:31 (7406 turns).

Gabide the Tainter (Naga Venom Mage)                Turns: 7406, Time: 00:24:32

Health: 0/69       AC:  3    Str: 12    XL:     8   Next: 25%
Magic:  2/14       EV: 14    Int: 17    God:    Fedhas [**....]
Gold:   125        SH:  0    Dex: 11    Spells: 5/15 levels left

rFire   . . .      SeeInvis +   v - +0 quarterstaff
rCold   . . .      Faith    .   (shield currently unavailable)
rNeg    . . .      Spirit   .   s - +0 robe
rPois   +          Reflect  .   (no helmet)
rElec   .          Harm     .   (no cloak)
rCorr   .          Rampage  .   (no gloves)
Will    +....                   (no barding)
Stlth   +++.......              (no amulet)
HPRegen 0.21/turn               k - +4 ring of evasion
MPRegen 0.14/turn               (no ring)

@: very slow
A: AC +2, large, see invisible, deformed body, poison resistance, slowness 2,
spit poison 1, naga tail 1
a: Spit Poison, Renounce Religion, Wall of Briars


You were on level 5 of the Dungeon.
You worshipped Fedhas.
Fedhas was pleased with you.
You visited 1 branch of the dungeon, and saw 5 of its levels.

You collected 125 gold pieces.

Inventory:

Hand Weapons
 v - a +0 quarterstaff (weapon)
Armour
 b - a +0 ring mail
 s - a +0 robe (worn)
Magical Staves
 j - a staff of cold
Jewellery
 k - a +4 ring of evasion (left hand)
Scrolls
 e - a scroll of silence {unknown}
 i - 3 scrolls of teleportation
 m - 2 scrolls of fog {unknown}
 n - a scroll of enchant armour {unknown}
 o - a scroll of magic mapping
 p - a scroll of amnesia {unknown}
 q - a scroll of noise {unknown}
Potions
 a - a potion of resistance {unknown}
 c - 3 potions of lignification
 d - 4 potions of curing
 f - 2 potions of magic {unknown}
 g - 3 potions of mutation
 h - 3 potions of degeneration {unknown}
 l - a potion of berserk rage {unknown}
 r - a potion of might {unknown}
 t - a potion of attraction {unknown}


   Skills:
 - Level 3.0 Fighting
 - Level 3.0 Dodging
 - Level 6.0 Stealth
 - Level 4.0 Spellcasting
 - Level 1.0 Transmutations
 + Level 9.3 Poison Magic


You had 5 spell levels left.
You knew the following spells:

 Your Spells              Type           Power      Damage    Failure   Level
a - Sting                 Tmut/Pois      80%        1d7       1%          1
b - Poisonous Vapours     Pois/Air       38%        N/A       3%          2
c - Mephitic Cloud        Conj/Pois/Air  13%        N/A       13%         3
d - Olgreb's Toxic Radia  Pois           35%        N/A       3%          4

Your spell library contained the following spells:

 Spells                   Type           Power      Damage    Failure   Level
 Animate Skeleton         Necr           6%         N/A       16%         1
 Magic Dart               Conj           12%        1d3       16%         1
 Pain                     Necr           12%        1d4       16%         1
 Sandblast                Erth           6%         2d5       16%         1
 Passwall                 Tmut/Erth      4%         N/A       19%         2
 Blink                    Tloc           6%         N/A       24%         2
 Call Imp                 Summ           3%         N/A       24%         2
 Call Canine Familiar     Summ           3%         N/A       43%         3
 Gell's Gravitas          Tloc           3%         N/A       43%         3
 Lesser Beckoning         Tloc           3%         N/A       43%         3
 Portal Projectile        Hex/Tloc       6%         N/A       43%         3
 Stone Arrow              Conj/Erth      6%         3d7       43%         3
 Teleport Other           Tloc           3%         N/A       43%         3
 Vampiric Draining        Necr           3%         2d6       43%         3
 Leda's Liquefaction      Hex/Erth       1%         N/A       83%         4
 Manifold Assault         Tloc           3%         N/A       99%         5
 Dispersal                Tloc           1%         N/A       100%        6


Dungeon Overview and Level Annotations

Branches:
Dungeon (5/15)             Temple (0/1) D:4

Altars:
Fedhas

Annotations:
D:2 Sigmund
D:5 Edmund


Innate Abilities, Weirdness & Mutations

Your serpentine skin is tough. (AC +2)
You have supernaturally acute eyesight. (SInv)
Armour fits poorly on your strangely shaped body.
Your system is resistant to poisons. (rPois)
You cover ground very slowly.
You can spit poison.
You have a snake-like lower body.


Message History

Edmund hits your briar patch with a +6 dire flail of protection!
Your briar patch is destroyed!
Your briar patch disappears in a puff of smoke!
Aiming: Spit Poison (1% risk of failure)
Press: ? - help, Shift-Dir - straight line, f/p - Edmund
Aim: Edmund, wielding a +6 dire flail of protection and wearing a +3 ring mail of willpower (heavily wounded, extremely poisoned, ally target, 69% to hit)
Fedhas protects your plant from harm.
The splash of poison hits Edmund.
Edmund looks as sick as possible!
Edmund is heavily wounded.
Edmund drinks a potion.
Edmund is healed!
Okay, then.
Casting: Poisonous Vapours (safe; 3% risk of failure)
Confirm with . or Enter, or press ? or * to list all spells.
Okay, then.
Unknown command.
Casting: Poisonous Vapours (safe; 3% risk of failure)
Confirm with . or Enter, or press ? or * to list all spells.
You don't know that spell.
Okay, then.
Casting: Poisonous Vapours (safe; 3% risk of failure)
Confirm with . or Enter, or press ? or * to list all spells.
Aiming: Sting (safe; 1% risk of failure)
Press: ? - help, Shift-Dir - straight line, f/p - Edmund
Aim: Edmund, wielding a +6 dire flail of protection and wearing a +3 ring mail of willpower (lightly wounded, extremely poisoned, ally target, 79% to hit)
Fedhas protects your plant from harm.
The sting hits Edmund.
Edmund looks as sick as possible!
Edmund is lightly wounded.
You barely miss Edmund.
Edmund is lightly wounded.
Edmund hits you with a +6 dire flail of protection!
You completely miss Edmund.
Edmund is moderately wounded.
Edmund clears his throat.
Edmund hits you with a +6 dire flail of protection!
You have got your breath back.
Edmund hits you with a +6 dire flail of protection!!
* * * LOW HITPOINT WARNING * * *
Edmund hits you with a +6 dire flail of protection.
You die...
Fedhas appreciates your contribution to the ecosystem.

#####...............
#...................
#...................
#$..................
#P..................
#.P.................
#P..................
#.@...............).
#..@................
####................
#................
#................
##...............
#####...............
#...............†...
#...................
#...................


You could see Edmund (very poisoned, ally target).

Vanquished Creatures
  Eustachio (D:5)
  A sky beast (D:5)
  3 ogres
  3 hounds
  An orc priest (D:4)
  A bullfrog skeleton (D:5)
  5 iguanas
  A killer bee zombie (D:5)
  A gnoll (D:4)
  A howler monkey skeleton (D:5)
  6 adders
  A shadow imp (D:5)
  An adder skeleton (D:4)
  2 worms
  2 dart slugs (D:1)
  9 orcs
  5 endoplasms
  2 giant cockroaches
  2 goblins (D:3)
  5 hobgoblins
  4 quokkas
  9 ball pythons
  8 bats
  3 frilled lizards
  5 kobolds
  3 rats
85 creatures vanquished.

Vanquished Creatures (collateral kills)
  Menkaure (D:5)
1 creature vanquished.

Grand Total: 86 creatures vanquished

Notes
Turn   | Place    | Note
-------+----------+-------------------------------------------
     0 | D:1      | Gabide the Naga Venom Mage began the quest for the Orb.
     0 | D:1      | Reached XP level 1. HP: 15/15 MP: 3/3
    86 | D:1      | Reached XP level 2. HP: 22/22 MP: 5/5
   466 | D:1      | Learned a level 2 spell: Poisonous Vapours
   733 | D:1      | Reached XP level 3. HP: 28/28 MP: 6/6
  1369 | D:2      | Learned a level 3 spell: Mephitic Cloud
  1426 | D:2      | Noticed Sigmund
  1502 | D:2      | Found a faded altar of an unknown god.
  1523 | D:2      | Prayed at the altar of an unknown god.
  1523 | D:2      | Became a worshipper of Fedhas Madash
  1523 | D:2      | Reached * piety under Fedhas
  1830 | D:2      | Reached skill level 5 in Poison Magic
  2566 | D:3      | Reached XP level 4. HP: 36/36 MP: 5/8
  3199 | D:3      | Reached skill level 1 in Fighting
  4021 | D:4      | Reached XP level 5. HP: 32/45 MP: 4/9
  4026 | D:4      | Learned a level 4 spell: Olgreb's Toxic Radiance
  4168 | D:4      | Noticed an ogre
  4189 | D:4      | Killed an ogre
  4190 | D:4      | Reached XP level 6. HP: 16/52 MP: 2/10
  4523 | D:4      | Reached skill level 5 in Stealth
  4523 | D:4      | Reached skill level 6 in Poison Magic
  4534 | D:4      | Reached ** piety under Fedhas
  5735 | D:4      | Reached skill level 7 in Poison Magic
  5735 | D:4      | Reached XP level 7. HP: 60/60 MP: 1/12
  5959 | D:4      | Found a staircase to the Ecumenical Temple.
  6152 | D:5      | Entered Level 5 of the Dungeon
  6321 | D:5      | Noticed Menkaure
  6330 | D:5      | Killed Menkaure
  6336 | D:5      | Reached skill level 8 in Poison Magic
  6759 | D:5      | Reached XP level 8. HP: 69/69 MP: 3/14
  6838 | D:5      | Noticed Eustachio
  6848 | D:5      | Killed Eustachio
  6849 | D:5      | Reached skill level 9 in Poison Magic
  7390 | D:5      | Noticed Edmund
  7406 | D:5      | Slain by Edmund

Illustrated notes

Levels and vault maps discovered:
D:1:      lightli_arrival_quake, layout_loops_ring, minmay_misc_feat_x
D:2:      layout_basic, basic_ecumenical_altar, uniq_sigmund
D:3:      layout_loops_ring
D:4:      minmay_chambers_of_twos, layout_basic, temple_hall
D:5:      layout_basic, uniq_eustachio, uniq_edmund, uniq_menkaure

Skill      XL: |  1  2  3  4  5  6  7  8 |
---------------+-------------------------+-----
Poison Magic   | 5 7 8 9 |  9.3
Stealth        | 4 5 6 |  6.0
Spellcasting   | 3 4 |  4.0
Fighting       | 2 3 |  3.0
Dodging        | 2 3 |  3.0
Transmutations | |  1.0

Action                   |  1- 3 |  4- 6 |  7- 9 || total
-------------------------+-------+-------+-------++-------
Melee: Unarmed           |     4 |     4 |       ||     8
       Hand axe          |       |    23 |       ||    23
       Mace              |       |     5 |    10 ||    15
       Quarterstaff      |       |       |    36 ||    36
 Cast: Sting             |    22 |    33 |     5 ||    60
       Poisonous Vapours |    28 |    62 |    38 ||   128
       Olgreb's Toxic Ra |       |     1 |     1 ||     2
       Mephitic Cloud    |       |     1 |       ||     1
Invok: Wall of Briars    |       |       |     2 ||     2
 Abil: Spit Poison       |    32 |    25 |     8 ||    65
  Use: Scroll            |       |     6 |     1 ||     7
Armor: Robe              |     1 |     4 |    12 ||    17
Dodge: Dodged            |     8 |    48 |    38 ||    94
